 Dungeon Crawl Stone Soup version 0.31-a0-154-g56bf346678 (webtiles) character file.

Game seed: 8119055066909269231

1740 comborobin the Skirmisher (level 8, -3/45 HPs)
             Began as a Deep Elf Delver on June 11, 2023.
             Was a Follower of Okawaru.
             Slain by an iguana (11 damage)
             ... on level 7 of the Dungeon.
             The game lasted 00:13:04 (6403 turns).

comborobin the Skirmisher (Deep Elf Delver)         Turns: 6403, Time: 00:13:05

Health: -3/45      AC:  6    Str:  9    XL:     8   Next: 77%
Magic:  25/25      EV: 14    Int: 16    God:    Okawaru [*.....]
Gold:   171        SH:  0    Dex: 18    Spells: 7/15 levels left

rFire   . . .        a - +0 sling
rCold   . . .        (no shield)
rNeg    . . .        B - +2 leather armour {Will+}
rPois   .            (no helmet)
rElec   .            (no cloak)
rCorr   .            (no gloves)
SInv    .            v - +0 pair of boots
Will    +....        i - amulet of the acrobat
Stlth   +++          y - ring of magical power
HPRegen 0.27/turn    (no ring)
MPRegen 0.19/turn

%: acrobat
@: no status effects
A: no striking features
a: Renounce Religion, Heroism


You were on level 7 of the Dungeon.
You worshipped Okawaru.
Okawaru was aware of your devotion.
You visited 2 branches of the dungeon, and saw 8 of its levels.

You collected 316 gold pieces.
You spent 145 gold pieces at shops.

Inventory:

Hand Weapons
 a - a +0 sling (weapon)
 b - a +0 short sword
Missiles
 q - a throwing net
Armour
 h - a +0 pair of boots
 j - a +0 leather armour
 v - a +0 pair of boots (worn)
 B - a +2 leather armour of willpower (worn)
Jewellery
 i - an amulet of the acrobat (around neck)
 l - a +4 ring of protection
 x - a ring of ice
 y - a ring of magical power (left hand)
 C - an amulet of reflection
 D - a ring of willpower
Wands
 g - a wand of digging (5)
 n - a wand of paralysis (4)
Scrolls
 c - 6 scrolls of fog
 e - 3 scrolls of fear
 o - 2 scrolls of blinking {unknown}
 p - 5 scrolls of teleportation {unknown}
 r - 3 scrolls of identify
 w - 2 scrolls of enchant armour {unknown}
 A - a scroll of poison
 E - a scroll of brand weapon {unknown}
Potions
 d - a potion of brilliance
 f - a potion of haste
 k - 6 potions of curing
 m - a potion of might {unknown}
 s - a potion of degeneration
 t - a potion of mutation {unknown}
 u - a potion of enlightenment {unknown}
 z - a potion of cancellation {unknown}


   Skills:
 - Level 2.4 Fighting
 - Level 2.0 Short Blades
 * Level 8.9 Ranged Weapons
 - Level 5.0 Dodging
 - Level 6.0 Stealth
 - Level 4.0 Spellcasting
 - Level 2.0 Hexes
 - Level 4.0 Translocations
 - Level 5.0 Invocations
 - Level 4.0 Evocations


You had 7 spell levels left.
You knew the following spells:

 Your Spells              Type           Power      Damage    Failure   Level
a - Ensorcelled Hibernat  Hex/Ice        12%        N/A       24%         2
h - Passage of Golubria   Tloc           16%        N/A       41%         4
w - Passwall              Tmut/Erth      2%         N/A       34%         2

Your spell library contained the following spells:

 Spells                   Type           Power      Damage    Failure   Level
 Sandblast                Erth           6%         2d5       24%         1
 Cigotuvi's Dreadful Rot  Necr/Pois/Air  6%         N/A       34%         2
 Ignite Poison            Fire/Tmut/Pois 3%         N/A       56%         3
 Spider Form              Tmut/Pois      3%         N/A       56%         3
 Stone Arrow              Conj/Erth      6%         3d7       56%         3
 Swiftness                Air            3%         N/A       56%         3
 Anguish                  Hex/Necr       3%         N/A       83%         4
 Yara's Violent Unravell  Hex/Tmut       3%         3d4       99%         5
 Freezing Cloud           Conj/Ice/Air   1%         6-21      100%        5
 Tukima's Dance           Hex            Unusable   N/A       N/A         3

Dungeon Overview and Level Annotations

Branches:
Dungeon (7/15)             Temple (1/1) D:5

Altars:
Ashenzari
Dithmenos
Elyvilon
Fedhas
Gozag
Hepliaklqana
Makhleb
Nemelex Xobeh
Okawaru
Qazlal
Ru
Sif Muna
Vehumet
Xom
Zin
The Shining One

Shops:
D:7 :[

Annotations:
D:4 Sigmund
D:5 exclusion: downstairs
D:6 exclusion: downstairs
D:7 exclusion: 3 killer bees, Joseph


Message History

You shoot a sling bullet.
The sling bullet hits the iguana but does no damage.
The iguana is heavily wounded.
You shoot a sling bullet.
The sling bullet hits the iguana but does no damage.
The iguana is heavily wounded.
The iguana misses you.
You shoot a sling bullet. The sling bullet hits the iguana!
The iguana is almost dead.
The iguana bites you!
Fire: a) +0 sling
Press: ? - help, Q - select action, (/) - cycle Shift-Dir - straight line, f/p - iguana
Aim: an iguana (almost dead, 71% to hit)
You shoot a sling bullet.
The sling bullet closely misses the iguana.
The iguana bites you!
* * * LOW HITPOINT WARNING * * *
Fire: a) +0 sling
Press: ? - help, Q - select action, (/) - cycle Shift-Dir - straight line, f/p - iguana
Aim: an iguana (almost dead, 71% to hit)
You shoot a sling bullet.
The sling bullet barely misses the iguana.
Unknown command.
Unknown command.
Fire: a) +0 sling
Press: ? - help, Q - select action, (/) - cycle Shift-Dir - straight line, f/p - iguana
Aim: an iguana (almost dead, 71% to hit)
You shoot a sling bullet.
The sling bullet closely misses the iguana.
The iguana bites you but does no damage.
Unknown command.
Fire: a) +0 sling
Press: ? - help, Q - select action, (/) - cycle Shift-Dir - straight line, f/p - iguana
Aim: an iguana (almost dead, 71% to hit)
You shoot a sling bullet.
The sling bullet hits the iguana but does no damage.
The iguana is almost dead.
You feel like a meek peon again. The iguana bites you!
You die...

*,*****,*,,+,,*.♣.,,+,*********
*,*,,,,,,,,***♣♣.♣***,,,,,,,,,,
*,*,,,,,,,,* ♣..♣ ********###
*,*,,,,..,,* ♣).♣ #.#
*,*,,,,....####)'### #..
*,*****,#..........##### #.#
*,* *,#.####.#.......######.#
*,* *,#,...#)#..............#
*,* ##.#.##.#@#..............#
*,* #.......)l#..............#
*,***#.........###.####.......#
*,,,,..........#*#.####.......#
*****#....)...$...............#
#...)....####.############
#........# *,,,,* ##*** #
#......$.# ****,* #.,,*#♣
#........# *,* #..,*#.


You could see an iguana.

Vanquished Creatures
  Grinder (D:3)
  A steam dragon (D:6)
  Menkaure (D:5)
  2 water moccasins
  An ice beast (D:5)
  An orc warrior (D:7)
  2 ogres (D:6)
  A kobold brigand (D:7)
  A bullfrog (D:7)
  A scorpion (D:4)
  A gnoll bouda (D:7)
  An orc priest (D:5)
  Ijyb (D:5)
  A sleepcap (D:6)
  Jessica (D:2)
  Terence (D:3)
  3 iguanas
  2 orc wizards
  5 gnolls
  11 adders
  A shadow imp (D:3)
  An ufetubus (D:5)
  2 worms (D:3)
  2 dart slugs
  18 orcs
  2 ball pythons
  6 endoplasms
  3 giant cockroaches
  6 hobgoblins
  7 jackals (D:2)
  8 kobolds
  2 quokkas (D:1)
  4 bats (D:3)
  5 goblins
  4 rats
110 creatures vanquished.

Notes
Turn   | Place    | Note
-------+----------+-------------------------------------------
     0 | D:5      | comborobin the Deep Elf Delver began the quest for the Orb.
     0 | D:5      | Reached XP level 1. HP: 13/13 MP: 3/3
    46 | D:6      | Noticed a sleepcap
    52 | D:5      | Noticed Ijyb
    59 | D:5      | Killed Ijyb
    60 | D:5      | Reached skill level 2 in Ranged Weapons
    60 | D:5      | Reached skill level 1 in Evocations
    60 | D:5      | Reached XP level 2. HP: 12/18 MP: 4/4
   162 | D:5      | Reached XP level 3. HP: 16/22 MP: 5/5
   216 | D:5      | Noticed an ice beast
   223 | D:5      | Killed an ice beast
   224 | D:5      | Reached skill level 3 in Ranged Weapons
   224 | D:5      | Reached XP level 4. HP: 27/27 MP: 6/6
   327 | D:5      | Reached XP level 5. HP: 31/31 MP: 7/7
   414 | D:4      | Learned a level 4 spell: Passage of Golubria
   746 | D:3      | Reached skill level 1 in Spellcasting
   757 | D:3      | Reached skill level 4 in Ranged Weapons
   838 | D:3      | Found a broken altar of Ashenzari.
   965 | D:3      | Reached skill level 1 in Translocations
  1202 | D:3      | Noticed Terence
  1209 | D:3      | Killed Terence
  1286 | D:3      | Noticed Grinder
  1292 | D:3      | Killed Grinder
  1293 | D:3      | Reached skill level 5 in Ranged Weapons
  1293 | D:3      | Reached XP level 6. HP: 16/36 MP: 9/11
  1611 | D:5      | Learned a level 2 spell: Passwall
  1679 | D:4      | Learned a level 2 spell: Ensorcelled Hibernation
  1682 | D:4      | Reached skill level 6 in Ranged Weapons
  1682 | D:4      | Reached XP level 7. HP: 40/40 MP: 12/12
  1687 | D:5      | Found a staircase to the Ecumenical Temple.
  1705 | Temple   | Entered the Ecumenical Temple
  1751 | Temple   | Became a worshipper of Warmaster Okawaru
  2015 | D:5      | Reached skill level 5 in Dodging
  2257 | D:5      | Noticed Menkaure
  2265 | D:5      | Killed Menkaure
  2266 | D:5      | Reached skill level 1 in Invocations
  2840 | D:6      | Noticed a steam dragon
  2937 | D:6      | Killed a steam dragon
  2938 | D:6      | Reached skill level 1 in Hexes
  2938 | D:6      | Reached XP level 8. HP: 33/45 MP: 14/16
  3217 | D:4      | Noticed Sigmund
  4234 | D:2      | Noticed Jessica
  4240 | D:2      | Killed Jessica
  4241 | D:2      | Reached skill level 7 in Ranged Weapons
  5615 | D:6      | Reached * piety under Okawaru
  5847 | D:7      | Noticed Joseph
  6111 | D:7      | Found Qibb's Antique Armour Shop.
  6115 | D:7      | Bought a dyed leather armour for 145 gold pieces
  6156 | D:7      | Found Naipla Ciet's Book Shoppe.
  6286 | D:7      | Reached skill level 8 in Ranged Weapons
  6286 | D:7      | Reached skill level 5 in Invocations
  6403 | D:7      | Slain by an iguana

Illustrated notes

Levels and vault maps discovered:
D:1:      dpeg_arrival_tiny_i, layout_basic, kennysheep_another_room
D:2:      layout_loops_ring, feat_on_display, uniq_jessica
D:3:      minmay_inner_zag, layout_basic, lemuel_round_altar, uniq_terence,
          uniq_grinder
D:4:      layout_cave_pools, uniq_sigmund
D:5:      layout_basic, minmay_temple_entry_antechambers, uniq_ijyb,
          uniq_menkaure
D:6:      layout_cave_pools, roderic_lattice_a
D:7:      layout_basic, serial_shops, nicolae_shop_trees,
          nicolae_shop_just_a_little_nook, kennysheep_generic_room_4,
          uniq_joseph
Temple:   nicolae_temple_bog_church

Skill      XL: |  1  2  3  4  5  6  7  8 |
---------------+-------------------------+-----
Ranged Weapons | 2 3 5 6 8 |  8.9
Evocations     | 1 2 3 4 |  4.0
Spellcasting   | 2 4 |  4.0
Translocations | 2 3 4 |  4.0
Dodging        | 3 4 5 |  5.0
Invocations    | 2 5 |  5.0
Hexes          | 1 2 |  2.0
Fighting       | |  2.4
Short Blades   | |  2.0
Stealth        | |  6.0

Action                     |  1- 3 |  4- 6 |  7- 9 || total
---------------------------+-------+-------+-------++-------
  Melee: Short sword       |    15 |    38 |    31 ||    84
   Fire: Sling             |       |   122 |   268 ||   390
   Cast: Passwall          |       |     1 |     4 ||     5
         Ensorcelled Hiber |       |       |     6 ||     6
         Passage of Golubr |       |       |     1 ||     1
 Invoke: Heroism           |       |       |     1 ||     1
  Evoke: Wand              |     5 |     5 |     9 ||    19
    Use: Scroll            |       |     1 |    10 ||    11
         Potion            |       |       |     1 ||     1
   Stab: Sleeping          |     2 |     6 |     5 ||    13
         Paralysed         |     2 |     5 |     3 ||    10
         Invisible         |       |       |     1 ||     1
 Armour: Leather armour    |     2 |    21 |    29 ||    52
  Dodge: Dodged            |    12 |    56 |   112 ||   180

Table legend: (Time is in decaauts)
 A = Elapsed time spent in this place.
 B = Non-inter-level travel time spent in this place.
 C = Inter-level travel time spent in this place.
 D = Time resting spent in this place.
 E = Time spent auto-exploring this place.
 F = Levels seen in this place.
 G = Mean time per level.
                   A        B        C        D        E       F      G
               +--------+--------+--------+--------+--------+-----+--------+
         Total |   6423 |   6045 |    378 |    698 |   4044 |   8 |  802.9 |
       Dungeon |   6361 |   6003 |    358 |    698 |   4012 |   7 |  908.7 |
        Temple |     61 |     41 |     20 |      0 |     32 |   1 |   61.0 |
               +--------+--------+--------+--------+--------+-----+--------+

Top non-repeatable levels by time:
     D:5: 1290 daAuts
     D:3: 1169 daAuts
     D:6: 1073 daAuts
     D:1: 847 daAuts
     D:2: 825 daAuts
     D:4: 613 daAuts
     D:7: 540 daAuts
  Temple: 61 daAuts
